 Dungeon Crawl Stone Soup version 0.30-a0-867-g305f33218d (webtiles) character file.

Game seed: 7724054317628694534

2481 bmack86 the Cleaver (level 9, -2/79 HPs)
             Began as a Minotaur Fighter on Mar 11, 2023.
             Killed by divine providence
             ... invoked by an orc priest
              (11 damage)
             ... on level 6 of the Dungeon.
             The game lasted 00:11:53 (5423 turns).

bmack86 the Cleaver (Minotaur Fighter)              Turns: 5423, Time: 00:11:53

Health: -2/79      AC: 13    Str: 26    XL:     9   Next: 27%
Magic:  8/8        EV:  8    Int:  5    God:
Gold:   240        SH:  5    Dex:  9    Spells: 8/8 levels left

rFire   . . .      SeeInvis .    a - +0 war axe
rCold   . . .      Faith    .    c - +0 buckler
rNeg    . . .      Spirit   .    B - +0 chain mail {rPois}
rPois   +          Reflect  .    (helmet restricted)
rElec   .          Rampage  .    m - +2 cloak
rCorr   .                        (no gloves)
Will    .....                    (no boots) Stlth
                                 (no amulet)
HPRegen 0.33/turn                y - ring of wizardry
MPRegen 0.11/turn                (no ring)

@: no status effects
A: horns 2, retaliatory headbutt
a: no special abilities


You were on level 6 of the Dungeon.
You visited 1 branch of the dungeon, and saw 6 of its levels.

You collected 320 gold pieces.
You spent 80 gold pieces at shops.

Inventory:

Hand Weapons
 a - a +0 war axe (weapon)
 z - a +0 war axe
Missiles
 g - 14 poisoned darts (quivered)
 w - a boomerang
Armour
 b - a +0 scale mail
 c - a +0 buckler (worn)
 m - a +2 cloak (worn)
 x - a +0 chain mail
 B - a +0 chain mail of poison resistance (worn)
Jewellery
 y - a ring of wizardry (left hand)
 A - an amulet of magic regeneration
Wands
 l - a wand of flame (46)
 r - a wand of roots (6)
 D - a wand of charming (11)
Scrolls
 f - a scroll of silence
 h - 2 scrolls of summoning {unknown}
 o - 2 scrolls of enchant armour {unknown}
 q - a scroll of immolation {unknown}
 s - 2 scrolls of teleportation {unknown}
 t - 2 scrolls of vulnerability {unknown}
 u - 3 scrolls of blinking {unknown}
 C - a scroll of noise {unknown}
Potions
 d - 6 potions of might
 e - a potion of brilliance
 i - a potion of attraction
 j - a potion of curing
 k - 2 potions of heal wounds
 n - a potion of mutation {unknown}
 p - 4 potions of invisibility
 v - a potion of cancellation
 E - a potion of magic {unknown}


   Skills:
 + Level 7.1 Fighting
 * Level 9.2 Axes
 + Level 4.7 Throwing
 + Level 7.1 Armour
 + Level 7.1 Shields


You had 8 spell levels left.
You didn't know any spells.
Your spell library contained the following spells:

 Spells                   Type           Power      Damage    Failure   Level
 Kiss of Death            Conj/Necr      0%         2d5       78%         1
 Sting                    Tmut/Pois      0%         1d3       78%         1
 Poisonous Vapours        Pois/Air       0%         N/A       89%         2
 Sublimation of Blood     Necr           0%         N/A       89%         2
 Confusing Touch          Hex            0%         N/A       98%         3
 Dazzling Flash           Conj/Hex       0%         N/A       98%         3
 Portal Projectile        Hex/Tloc       0%         N/A       98%         3
 Tukima's Dance           Hex            0%         N/A       98%         3
 Dispel Undead            Necr           0%         3d6       100%        4
 Iskenderun's Mystic Bla  Conj/Tloc      0%         2d3       100%        4
 Olgreb's Toxic Radiance  Pois           0%         N/A       100%        4
 Petrify                  Tmut/Erth      0%         N/A       100%        4
 Blade Hands              Tmut           0%         N/A       100%        5
 Freezing Cloud           Conj/Ice/Air   0%         6-21      100%        5
 Irradiate                Conj/Tmut      0%         3d11      100%        5
 Simulacrum               Ice/Necr       0%         N/A       100%        6
 Starburst                Conj/Fire      0%         6d3       100%        6
 Polar Vortex             Ice            0%         N/A       100%        9


Dungeon Overview and Level Annotations

Branches:
Dungeon (6/15)
 Temple: D:4-7

Altars:
Ashenzari
Xom

Shops:
D:2 !

Annotations:
D:4 3 runed translucent doors, deadpool521's ghost, amateur MiFi
D:6 2 transporters, bakla's ghost, novice OpGl


Innate Abilities, Weirdness & Mutations

You have a pair of horns on your head.
You reflexively headbutt those who attack you in melee.


Message History

You miss something. Something hits you but does no damage.
You closely miss something. Your headbutt misses something.
You hear some strange, mumbled words.
A puff of flame appears from out of thin air!
You block the puff of flame.
The orc priest casts a cantrip, but nothing happens.
You closely miss something.
You hear some strange, mumbled words.
You are confused.
You bump into the rock wall.
Something hits you.
* * * LOW HITPOINT WARNING * * *
You barely miss something. Your headbutt misses something.
Something hits you but does no damage.
The orc priest invokes the aid of Beogh against you.
Beogh smites you!
* * * LOW HITPOINT WARNING * * *
Something hits you but does no damage.
You're too confused to move!
Something hits you.
* * * LOW HITPOINT WARNING * * *
You feel less confused.
You closely miss something. Your headbutt misses something.
Something hits you but does no damage.
The orc priest looks braver for a moment.
You miss something. Something hits you.
* * * LOW HITPOINT WARNING * * *
You miss something. Your headbutt misses something.
Something hits you but does no damage.
You miss something. Something hits you but does no damage.
You closely miss something. Your headbutt misses something.
Something hits you but does no damage.
You hit something but do no damage.
You hear some strange, mumbled words.
Something tries to affect you, but you resist.
The orc priest looks encouraged for a moment.
The orc priest looks satisfied for a moment.
You hit something. Something hits you but does no damage.
The orc priest looks encouraged for a moment.
The orc priest invokes the aid of Beogh against you.
Beogh smites you!
You die...

#......## #. #...)..# #.
#####...#.# #.
........#.# #.
........#.# #.
#####...#.#### #.
....##..#>...# #.
....8#..####.###########
#.
.....#..........@.ooooD#
#######.
.....#....##.#########o#
#.>..... ©....#©..###.#
#.# #.#####.
....O#..####.## #.o###.#
#. ...YW#..###...###
#'###..# ##
!..Y8#......#...# oo
#### # ...s##..###...###


o.o # #####...# ##.## .D.o ....))..# #..# oo### You could see a steam dragon, 3
orc priests and 2 orcs.

Vanquished Creatures
  Pikel (D:6)
  Sigmund (D:5)
  A steam dragon (D:6)
  Edmund (D:5)
  A water moccasin (D:6)
  An ice beast (D:6)
  An orc warrior (D:6)
  A black bear (D:5)
  2 ogres (D:5)
  A centaur (D:3)
  2 phantoms
  3 lemures (D:6)
  A bullfrog (D:6)
  A kobold brigand (D:5)
  2 scorpions (D:4)
  A howler monkey (D:5)
  5 orc priests
  2 hounds (D:5)
  2 jellies
  Crazy Yiuf (D:2)
  2 sleepcaps
  2 orc wizards (D:5)
  7 adders
  A white imp (D:5)
  2 ufetubi (D:5)
  2 worms
  A dart slug (D:1)
  14 orcs
  4 ball pythons
  7 endoplasms
  3 giant cockroaches (D:1)
  7 goblins
  4 hobgoblins
  2 quokkas
  7 bats
  10 kobolds
  4 rats
110 creatures vanquished.

Vanquished Creatures (others)
  An orc wizard (D:6)
  5 toadstools (D:1)
6 creatures vanquished.

Grand Total: 116 creatures vanquished

Notes
Turn   | Place    | Note
-------+----------+-------------------------------------------
     0 | D:1      | bmack86 the Minotaur Fighter began the quest for the Orb.
     0 | D:1      | Reached XP level 1. HP: 19/19 MP: 0/0
   170 | D:1      | Reached XP level 2. HP: 27/27 MP: 1/1
   180 | D:1      | Reached skill level 3 in Axes
   560 | D:2      | Reached XP level 3. HP: 33/33 MP: 2/2
   590 | D:2      | Found Xahud's Distillery.
   598 | D:2      | Bought a potion of curing for 30 gold pieces
   598 | D:2      | Bought a potion of heal wounds for 50 gold pieces
  1050 | D:2      | Found a runed translucent door.
  1051 | D:2      | Noticed Crazy Yiuf
  1064 | D:2      | Killed Crazy Yiuf
  1065 | D:2      | Reached XP level 4. HP: 7/40 MP: 3/3
  1271 | D:2      | Reached skill level 4 in Axes
  1415 | D:3      | Found a faded altar of an unknown god.
  1441 | D:3      | Noticed a phantom
  1456 | D:3      | Killed a phantom
  1457 | D:3      | Reached skill level 1 in Throwing
  1457 | D:3      | Reached XP level 5. HP: 44/47 MP: 4/4
  1687 | D:3      | Noticed a centaur
  1696 | D:3      | Killed a centaur
  1870 | D:3      | Reached XP level 6. HP: 51/53 MP: 5/5
  1959 | D:3      | Reached skill level 5 in Axes
  2245 | D:4      | Found a runed translucent gate.
  2245 | D:4      | Found a runed translucent gate.
  2245 | D:4      | Found a runed translucent gate.
  2251 | D:4      | Noticed deadpool521's ghost (amateur MiFi)
  2605 | D:4      | Reached skill level 5 in Armour
  2700 | D:4      | Reached skill level 5 in Fighting
  2700 | D:4      | Reached skill level 5 in Shields
  2901 | D:5      | Entered Level 5 of the Dungeon
  2917 | D:5      | Reached XP level 7. HP: 45/61 MP: 6/6
  3143 | D:5      | Reached skill level 6 in Axes
  3678 | D:5      | Noticed Sigmund
  3682 | D:5      | Noticed Edmund
  3686 | D:5      | Killed Sigmund
  3687 | D:5      | Reached skill level 7 in Axes
  3687 | D:5      | Reached XP level 8. HP: 66/70 MP: 7/7
  3709 | D:5      | Killed Edmund
  4491 | D:5      | Reached skill level 8 in Axes
  4840 | D:6      | Found a shimmering altar of Xom.
  4847 | D:6      | Found a broken altar of Ashenzari.
  5080 | D:6      | Found a transporter.
  5080 | D:6      | Noticed bakla's ghost (novice OpGl)
  5094 | D:6      | Found a transporter.
  5121 | D:6      | Noticed Pikel
  5136 | D:6      | Killed Pikel
  5137 | D:6      | Reached XP level 9. HP: 44/78 MP: 8/8
  5268 | D:6      | Reached skill level 9 in Axes
  5423 | D:6      | Killed from afar by an orc priest

Illustrated notes

Levels and vault maps discovered:
D:1:      co_arrival_random_square_maze, layout_rooms, minmay_gold_behind_fungi,
          minmay_misc_feat_diagonals
D:2:      layout_loops_ring, serial_shops, nicolae_shop_waterfront,
          nicolae_figureground_pulse, uniq_crazy_yiuf_cottage
D:3:      layout_loops_cross, basic_ecumenical_altar, minivault_19,
          bh_walls_and_bars
D:4:      layout_loops_cross, ebering_ghost_rock_garden, serial_glass,
          glass_columns_a, glass_columns_b, glass_columns_c, glass_columns_a,
          glass_columns_a, glass_columns_a, glass_columns_a, glass_columns_c,
          item_on_display_a, item_on_display_a, item_on_display_a,
          minmay_strange_pillars
D:5:      lemuel_ice_spiral_2, layout_basic, sigmund_edmund_badplayer
D:6:      layout_loops_ring, amethyst_overflow_temple_binary,
          gammafunk_ghost_arena, grunt_potential, uniq_pikel

Skill      XL: |  1  2  3  4  5  6  7  8  9 |
---------------+----------------------------+-----
Axes           | 3 4 5 7 8 9 |  9.2
Fighting       | 4 5 6 7 |  7.1
Armour         | 4 5 6 7 |  7.1
Shields        | 4 5 6 7 |  7.1
Throwing       | 1 2 3 4 |  4.7

Action                     |  1- 3 |  4- 6 |  7- 9 || total
---------------------------+-------+-------+-------++-------
  Melee: War axe           |    61 |    90 |   188 ||   339
         Headbutt          |    11 |    18 |    28 ||    57
  Throw: Dart              |       |     2 |     7 ||     9
    Use: Scroll            |       |     3 |     3 ||     6
         Potion            |       |       |     1 ||     1
 Armour: Scale mail        |    46 |    31 |       ||    77
         Chain mail        |       |    15 |   125 ||   140
  Dodge: Dodged            |    40 |    44 |   102 ||   186
  Block: Buckler           |    17 |    20 |    54 ||    91

Table legend: (Time is in decaauts)
 A = Elapsed time spent in this place.
 B = Non-inter-level travel time spent in this place.
 C = Inter-level travel time spent in this place.
 D = Time resting spent in this place.
 E = Time spent auto-exploring this place.
 F = Levels seen in this place.
 G = Mean time per level.
                   A        B        C        D        E       F      G
               +--------+--------+--------+--------+--------+-----+--------+
         Total |   5501 |   5372 |    129 |    451 |   3669 |   6 |  916.8 |
       Dungeon |   5501 |   5372 |    129 |    451 |   3669 |   6 |  916.8 |
               +--------+--------+--------+--------+--------+-----+--------+

Top non-repeatable levels by time:
     D:5: 1663 daAuts
     D:2: 894 daAuts
     D:6: 890 daAuts
     D:3: 776 daAuts
     D:4: 765 daAuts
     D:1: 511 daAuts
